 Dungeon Sprint DCSS version 0.23-a0-391-g8c51ad5 (webtiles) character file.

14 emperorscorpion the Sneak (level 2, -2/13 HPs)
             Began as a Vine Stalker Enchanter on Oct 30, 2018.
             Slain by a worker ant (6 damage)
             ... in the Dungeon (Sprint IX: "|||||||||||||||||||||||||||||").
             The game lasted 00:00:31 (299 turns).

emperorscorpion the Sneak (Vine Stalker Enchanter)   Turns: 299, Time: 00:00:31

Health: -2/13      AC:  2    Str: 10    XL:     2   Next: 45%
Magic:  0/6        EV: 12    Int: 15    God:
Gold:   0          SH:  0    Dex: 14    Spells: 3/6 levels left

rFire    . . .     SeeInvis .   a - +0 dagger (elec)
rCold    . . .     Gourm    .   (no shield)
rNeg     . . .     Faith    .   b - +0 robe
rPois    .         Spirit   +   (no helmet)
rElec    .         Reflect  .   (no cloak)
rCorr    .         Harm     .   (no gloves)
MR       .....     NoTele   +   (no boots)
Stlth    +++.......             (no amulet)
HPRegen  0.04/turn              (no ring)
MPRegen  0.10/turn              (no ring)

@: very slightly contaminated
A: fangs 2, magic shield, antimagic bite, no potion heal 3, rot immunity
a: no special abilities


You were in the Dungeon.
You were not hungry.

You visited 1 branch

Inventory:

Hand Weapons
 a - a +0 dagger of electrocution (weapon)
 c - a +1 dagger
Armour
 b - a +0 robe (worn)
Scrolls
 j - a scroll of blinking
Potions
 f - a potion of heal wounds
 g - a potion of haste
 h - 2 potions of magic
Comestibles
 d - a ration


   Skills:
 + Level 1.1 Short Blades
 + Level 2.0 Dodging
 + Level 4.9 Stealth
 + Level 2.9 Spellcasting
 + Level 4.2 Hexes


You had 3 spell levels left.
You knew the following spells:

 Your Spells              Type           Power        Failure   Level  Hunger
a - Corona                Hex            ##.....      3%          1    #......
b - Ensorcelled Hibernat  Hex/Ice        #.....       13%         2    ##.....

Your spell library contained the following spells:

 Spells                   Type           Power        Failure   Level  Hunger
 Confuse                  Hex            ##......     11%         3    ###....
 Tukima's Dance           Hex            ##......     11%         3    ###....
 Dazzling Spray           Conj/Hex       #.....       26%         3    ###....


Dungeon Overview and Level Annotations

Branches:
Dungeon (1/1)

Altars:


Innate Abilities, Weirdness & Mutations

You have extremely sharp teeth.
When hurt, damage is shared between your health and your magic reserves.
Your bite disrupts and absorbs the magic of your enemies.
Potions cannot restore your health.
You are immune to rotting.


Message History

Aim: a worker ant (chance to defeat MR: 49%)
The worker ant looks drowsy...
The helpless worker ant fails to defend itself.
You puncture the worker ant!
The worker ant is almost dead.
The crimson imp shouts!
The worker ant bites you!
Ouch! That really hurt!
The worker ant twitches its antennae in your direction.
You hit the worker ant. Your bite misses the worker ant.
The worker ant is almost dead.
The crimson imp blinks!
The worker ant bites you.
You are lethally poisoned!
The worker ant poisons you!
Your system rejects the healing.
You feel better. The worker ant bites you.
You hit the worker ant but do no damage.
Your bite misses the worker ant.
The worker ant is almost dead.
The worker ant bites you.
You die...

▓+▓
▓.▓
▓.▓
▓a▓
▓Z▓
▓n▓
▓a▓
▓@▓
▓.▓
▓5▓
▓.▓
▓)▓
▓'▓
▓.▓
▓.▓
▓.▓


You could see a necrophage, 2 worker ants, a crimson imp and an adder skeleton.

Vanquished Creatures
  A gnoll (D)
  A dart slug (D)
  A frilled lizard (D)
  A kobold (D)
  A rat (D)
5 creatures vanquished.

Notes
Turn   | Place    | Note
-------+----------+-------------------------------------------
     0 | D        | emperorscorpion the Vine Stalker Enchanter began the quest
                  | for the Orb.
     0 | D        | Reached XP level 1. HP: 9/9 MP: 4/4
     8 | D        | Reached skill level 1 in Short Blades
     8 | D        | Reached XP level 2. HP: 2/13 MP: 0/6
   292 | D        | Learned a level 2 spell: Ensorcelled Hibernation
   293 | D        | Noticed a necrophage
   293 | D        | Noticed a crimson imp
   299 | D        | Slain by a worker ant

Vault maps used:
D:        linesprint

Skill      XL: |  1  2 |
---------------+-------+-----
Short Blades   | 1 |  1.1
Stealth        | 4 |  4.9
Hexes          | 4 |  4.2
Dodging        | 2 |  2.0
Spellcasting   | |  2.9

Action                   || total
-------------------------++-------
Melee: Dagger            ||    13
 Cast: Ensorcelled Hiber ||     1
  Use: Potion            ||     2
 Stab: Sleeping          ||     1
Armor: Robe              ||     1
Dodge: Dodged            ||     3

Table legend:
 A = Non-vault XP
 B = Vault XP
 C = Vault XP percentage of total XP
 D = Non-vault monster count
 E = Vault monster count
 F = Vault count percentage of total count
                 A         B        C        D         E       F
            +---------+---------+-------+---------+---------+-------
      Total |       0 |      21 | 100.0 |       0 |       5 | 100.0
            +---------+---------+-------+---------+---------+-------
          D |       0 |      21 | 100.0 |       0 |       5 | 100.0
            +---------+---------+-------+---------+---------+-------
